Map: [ESL] Alcyone

Players

Maru

  • Race: Terran Terran
  • Spawn Location: 1:00

Cyan - Winner!

  • Race: Protoss Protoss
  • Spawn Location: 7:00

Event: IEM Katowice 2024

VOD

Have the link to the VOD?

Description

Time

  • Played on: Feb. 8, 2024, 12:11 p.m.
  • Length: 10:02

All games in this series

Show
View Real Time Build Order
Export as new Build Order

Maru Terran 

Build Orders: Cyclone Opening 

Get SALT Encoding   

  12  0:00  SCV  
  13  0:12  SCV  
  14  0:18  Supply Depot  
  14  0:24  SCV  
  15  0:39  SCV  
  15  0:40  Barracks  
  16  0:45  Refinery  
  16  0:51  SCV  
  16  0:55  Refinery  
  17  1:03  SCV  
  18  1:15  SCV  
  19  1:34  Orbital Command, Reaper  
  20  1:43  Factory  
  20  1:55  Supply Depot  
  20  1:59  SCV  
  21  2:04  Bunker  
  21  2:06  Marine  
  22  2:12  SCV  
  23  2:24  SCV  
  23  2:25  Marine  
  25  2:31  Cyclone  
  25  2:36  SCV  
  28  2:43  Supply Depot  
  28  2:48  SCV  
  28  3:03  Command Center, Cyclone  
  30  3:05  Starport  
  30  3:09  SCV  
  31  3:21  SCV  
  32  3:33  SCV  
  33  3:35  Factory Tech Lab  
  33  3:42  Medivac  
  33  3:45  Barracks, SCV  
  36  3:55  Siege Tank  
  39  3:57  SCV, Supply Depot  
  39  4:10  SCV  
  39  4:11  Bunker  
  39  4:14  Viking  
  39  4:16  Orbital Command  
  41  4:22  SCV  
  42  4:24  Barracks Reactor  
  42  4:32  Marine  
  42  4:34  SCV  
  42  4:36  Siege Tank  
  47  4:40  Supply Depot  
  47  4:42  SCV  
  47  4:44  Refinery  
  48  4:46  Starport Tech Lab, SCV  
  48  4:50  Marine  
  50  4:54  SCV  
  50  4:58  SCV  
  49  5:06  SCV  
  45  5:07  Marine  
  45  5:10  Siege Tank, Marine x2, SCV  
  49  5:19  SCV  
  50  5:22  SCV  
  50  5:25  Marine  
  52  5:31  SCV  
  52  5:34  SCV  
  52  5:41  Marine x2  
  46  5:43  Marine, SCV  
  46  5:46  SCV  
  46  5:49  Raven  
  46  5:55  SCV  
  47  5:58  SCV, Marine  
  47  6:00  Marine  
  47  6:01  Marine  
  47  6:07  SCV  
  47  6:11  SCV  
  49  6:12  Siege Tank  
  49  6:16  Marine  
  49  6:17  Marine  
  54  6:19  SCV, Marine  
  54  6:23  SCV  
  57  6:31  SCV  
  58  6:34  Marine  
  58  6:35  Marine, SCV  
  58  6:39  Marine  
  52  6:43  SCV  
  52  6:44  Siege Tank  
  49  6:47  SCV  
  49  6:55  SCV  
  49  6:59  Raven, SCV  
  53  7:04  Barracks Tech Lab, Marine x2  
  53  7:07  SCV  
  56  7:11  SCV  
  56  7:15  Command Center  
  57  7:18  Siege Tank  
  57  7:20  SCV  
  57  7:22  Marine  
  62  7:23  Stimpack  
  62  7:25  Marine  
  62  7:26  Marine  
  64  7:31  SCV  
  64  7:32  Supply Depot  
  65  7:40  Marine  
  65  7:41  Barracks, SCV  
  65  7:43  SCV  
  68  7:50  Engineering Bay  
  68  7:51  Engineering Bay  
  68  7:53  SCV  
  68  7:56  SCV  
  68  7:58  Siege Tank  
  72  8:05  Starport Reactor, SCV  
  72  8:08  SCV  
  73  8:13  Supply Depot  
  73  8:17  SCV, Marine  
  75  8:26  Barracks x2  
  75  8:27  Refinery  
  75  8:28  SCV  
  75  8:33  SCV  
  77  8:34  Combat Shield  
  77  8:35  Marine x3  
  77  8:38  Factory Reactor  
  80  8:45  Orbital Command  
  80  8:47  Medivac x2  
  84  8:52  Supply Depot, Marine  
  84  8:54  Supply Depot  
  84  8:55  SCV x2  
  87  8:57  Marine x2  
  87  8:58  Marine  
  89  9:07  SCV  
  76  9:14  Marine  
  76  9:15  Marine x4  
  65  9:19  SCV  
  65  9:20  Marine  
  48  9:31  SCV  
  48  9:32  Marine  
  48  9:33  Marine x2  
  43  9:43  SCV  
Show
View Real Time Build Order
Export as new Build Order

Cyan Protoss - Winner!

Build Orders: 1 Gate Expand 

Get SALT Encoding   

  12  0:00  Probe  
  13  0:12  Probe  
  14  0:17  Pylon  
  14  0:24  Probe (Chrono Boost)  
  15  0:36  Probe (Chrono Boost)  
  15  0:38  Gateway  
  16  0:45  Probe (Chrono Boost)  
  16  0:46  Assimilator  
  17  0:51  Probe  
  18  1:03  Probe  
  19  1:15  Probe  
  20  1:26  Cybernetics Core  
  20  1:34  Nexus  
  20  1:37  Probe  
  21  1:43  Pylon  
  21  1:49  Probe  
  21  1:51  Assimilator  
  22  1:59  Adept (Chrono Boost)  
  22  2:01  Probe  
  22  2:03  Warp Gate  
  25  2:14  Probe  
  26  2:20  Robotics Facility  
  26  2:24  Adept  
  28  2:34  Probe  
  29  2:46  Probe  
  30  2:52  Pylon  
  30  2:54  Stalker  
  32  3:04  Probe  
  34  3:06  Immortal (Chrono Boost)  
  37  3:21  Gateway  
  39  3:35  Pylon  
  39  3:37  Gateway  
  37  3:46  Warp Prism (Chrono Boost)  
  39  3:53  Probe  
  40  3:58  Probe  
  41  4:05  Probe  
  42  4:12  Stalker  
  42  4:15  Probe (Chrono Boost)  
  45  4:22  Stalker  
  45  4:24  Observer, Probe (Chrono Boost)  
  49  4:27  Pylon, Probe (Chrono Boost)  
  50  4:33  Probe (Chrono Boost)  
  50  4:34  Probe (Chrono Boost)  
  50  4:35  Pylon  
  52  4:39  Stalker  
  55  4:45  Observer  
  49  5:02  Stalker x3  
  51  5:17  Warp Prism  
  51  5:18  Probe x2  
  55  5:30  Twilight Council, Probe x2  
  51  5:44  Probe  
  51  5:46  Stalker x3  
  51  5:48  Probe  
  59  5:56  Charge, Probe  
  60  6:00  Probe  
  61  6:05  Gateway  
  61  6:08  Probe  
  60  6:13  Probe  
  60  6:14  Pylon  
  61  6:19  Adept x3  
  67  6:28  Probe x2  
  58  6:40  Warp Prism (Chrono Boost)  
  58  6:43  Probe  
  55  6:48  Probe  
  55  6:52  Nexus  
  56  7:01  Probe (Chrono Boost)  
  54  7:03  Gateway  
  54  7:05  Gateway, Probe (Chrono Boost)  
  54  7:09  Immortal (Chrono Boost)  
  54  7:12  Gateway  
  54  7:13  Probe (Chrono Boost)  
  54  7:15  Pylon  
  60  7:16  Probe (Chrono Boost)  
  60  7:17  Sentry  
  60  7:18  Sentry, Probe (Chrono Boost)  
  65  7:25  Probe  
  65  7:28  Stalker x2  
  70  7:31  Probe  
  71  7:37  Probe  
  72  7:45  Shield Battery  
  72  7:47  Immortal  
  72  7:50  Observer  
  76  7:51  Zealot x2  
  78  8:07  Zealot x2  
  78  8:08  Zealot x3  
  88  8:17  Probe x3  
  90  8:23  Zealot x2  
  90  8:26  Gateway  
  94  8:29  Zealot x2  
  98  8:50  Zealot  
  98  8:52  Pylon  
  98  8:53  Pylon  
  98  8:54  Nexus  
  98  8:55  Pylon  
  100  8:57  Pylon  
  98  9:07  Zealot x4  
  98  9:08  Zealot x2  
  92  9:13  Zealot  
  84  9:27  Stalker  
  84  9:28  Stalker x2  
  80  9:32  Zealot x4  
  80  9:37  Forge  

Tags
 
Add a new tag
Caveats
  • Supply blocks, unpowered buildings, or Contaminate may cause inaccurate times.
  • Supply counts are checked every 10 seconds.